 Dungeon Crawl Stone Soup version 0.29-a0-409-gd843f3a48c (webtiles) character file.

Game seed: 15633916054934020421

511 bwicke the Covert (level 6, -19/28 HPs)
             Began as a Spriggan Enchanter on May 15, 2022.
             Killed from afar by Natasha (21 damage)
             ... with a puff of flame
             ... on level 4 of the Dungeon.
             The game lasted 00:22:29 (5084 turns).

bwicke the Covert (Spriggan Enchanter)              Turns: 5084, Time: 00:22:30

Health: -19/28     AC:  2    Str:  4    XL:     6   Next: 99%
Magic:  11/11      EV: 17    Int: 16    God:
Gold:   202        SH:  0    Dex: 18    Spells: 5/10 levels left

rFire   x . .      SeeInvis +   c - +0 dagger (venom)
rCold   + . .      Faith    .   (no shield)
rNeg    . . .      Spirit   .   h - +0 robe
rPois   .          Reflect  .   (helmet restricted)
rElec   .          Harm     .   (no cloak)
rCorr   .          Rampage  .   (gloves unavailable)
Will    +....                   (boots unavailable)
Stlth   ++++......              o - amulet of magic regeneration
HPRegen 0.09/turn               g - ring of ice
MPRegen 0.52/turn               (no ring)

@: very quick
A: very small, no large weapons, unfitting armour, see invisible, speed 3
a: no special abilities


You were on level 4 of the Dungeon.
You visited 1 branch of the dungeon, and saw 4 of its levels.

You collected 239 gold pieces.
You spent 37 gold pieces at shops.

Inventory:

Hand Weapons
 a - a +4 dagger
 b - a +0 hunting sling
 c - a +0 dagger of venom (weapon)
 m - a +0 spear
 q - a +0 rapier
 r - a +1 vorpal trident
 s - a +2 mace of protection
 A - a +2 dagger
Missiles
 t - 5 poisoned darts
 w - 2 boomerangs
Armour
 h - a +0 robe (worn)
 y - an orb of wrath
Magical Staves
 x - a staff of earth
Jewellery
 d - an amulet of the acrobat
 g - a ring of ice (left hand)
 o - an amulet of magic regeneration (around neck)
Wands
 p - a wand of paralysis (5)
 v - a wand of acid (8)
Potions
 e - a potion of invisibility
 f - 3 potions of brilliance
 i - 2 potions of lignification
 j - 3 potions of attraction
 k - a potion of magic
 l - a potion of degeneration {unknown}
 n - a potion of cancellation {unknown}
 u - a potion of might {unknown}
 z - a potion of curing


   Skills:
 - Level 1.1 Short Blades
 - Level 2.6 Dodging
 + Level 8.8 Stealth
 - Level 2.6 Spellcasting
 - Level 7.5 Hexes


You had 5 spell levels left.
You knew the following spells:

 Your Spells              Type           Power      Damage    Failure   Level
a - Confusing Touch       Hex            26%        N/A       2%          3
b - Ensorcelled Hibernat  Hex/Ice        42%        N/A       6%          2

Your spell library contained the following spells:

 Spells                   Type           Power      Damage    Failure   Level
 Tukima's Dance           Hex            26%        N/A       2%          3
 Dazzling Flash           Conj/Hex       28%        N/A       12%         3
 Animate Skeleton         Necr           4%         N/A       19%         1
 Apportation              Tloc           4%         N/A       19%         1
 Summon Small Mammal      Summ           8%         N/A       19%         1
 Corpse Rot               Necr/Air       4%         N/A       28%         2
 Poisonous Vapours        Pois/Air       4%         N/A       28%         2


Dungeon Overview and Level Annotations

Branches:
Dungeon (4/15)
 Temple: D:4-7

Altars:
Okawaru
Qazlal

Shops:
D:1 (

Annotations:
D:4 Natasha


Innate Abilities, Weirdness & Mutations

You are very small and have problems with some larger weapons.
You are too small for most types of armour.
You have supernaturally acute eyesight. (SInv)
You cover ground extremely quickly. (Speed+++)


Message History

Aiming: Ensorcelled Hibernation (safe; 6% risk of failure)
Press: ? - help, Q - select action, (/) - cycle Shift-Dir - straight line, f - adder, p - hobgoblin
Aim: an adder (chance to affect: 62%)
You feel a surge of power!
The adder resists with significant effort.
The adder closely misses you. The hobgoblin closely misses you.
The adder misses you.
Aiming: Ensorcelled Hibernation (safe; 6% risk of failure)
Press: ? - help, Q - select action, (/) - cycle Shift-Dir - straight line, f/p - adder
Aim: an adder (chance to affect: 62%)
You feel a surge of power!
The adder looks drowsy...
The hobgoblin barely misses you.
The helpless adder fails to defend itself.
You stick the adder like a pincushion!!!
You kill the adder!
The hobgoblin misses you.
You hit the hobgoblin.
You kill the hobgoblin!
You pick up a book of Cantrips and begin reading...
You add the spells Animate Skeleton, Summon Small Mammal and Apportation to your library.
You now have 202 gold pieces (gained 4).
Natasha, Servant of Life and Death comes into view.
She is carrying a wand of flame (20).
Natasha casts a spell.
Aiming: Ensorcelled Hibernation (safe; 6% risk of failure)
Press: ? - help, Q - select action, (/) - cycle Shift-Dir - straight line, f - Natasha
Aim: Natasha, carrying a wand of flame (20) (chance to affect: 53%)
You feel a surge of power!
Natasha looks drowsy...
The shadow imp completely misses you.
You hit Natasha.
Natasha is poisoned.
Natasha is lightly wounded.
The shadow imp closely misses you.
Natasha zaps a wand.
The puff of flame hits you! The fire burns you terribly!
You hit Natasha.
Natasha is moderately wounded.
The shadow imp gestures at you. Pain shoots through your body!
* * * LOW HITPOINT WARNING * * *
Natasha zaps a wand.
The puff of flame hits you!! The fire burns you terribly!
Ouch! That really hurt!
You die...

#+###.......#.........
#+###.......###.........
............# .........
............###+##......
........................
###'####................
###J.###................
#........#+#...5........
#........# #....@h..##
#........# #........#
#........# #........#
#........# #........#
..###'##.#+#........#
..###..#............#..
....................#..
...........)###........
..............#........


You could see Natasha (very poisoned) and a shadow imp (summoned).

Vanquished Creatures
  An ogre (D:3)
  A phantom (D:4)
  An orc priest (D:4)
  Terence (D:3)
  Ijyb (D:3)
  An orc wizard (D:4)
  Natasha (twice) (D:4)
  Robin (D:3)
  A gnoll (D:1)
  6 adders
  2 worms (D:2)
  6 dart slugs
  10 orcs
  7 bats
  9 endoplasms
  A giant cockroach (D:4)
  13 hobgoblins
  A jackal (D:3)
  2 quokkas
  8 ball pythons
  2 frilled lizards (D:2)
  19 goblins
  4 kobolds
  3 rats
103 creatures vanquished.

Vanquished Creatures (others)
  A hobgoblin (D:3)
  A goblin (D:3)
  2 fungi (D:1)
  A plant (D:1)
5 creatures vanquished.

Grand Total: 108 creatures vanquished

Notes
Turn   | Place    | Note
-------+----------+-------------------------------------------
     0 | D:1      | bwicke the Spriggan Enchanter began the quest for the Orb.
     0 | D:1      | Reached XP level 1. HP: 9/9 MP: 5/5
   279 | D:1      | Reached skill level 5 in Stealth
   280 | D:1      | Found Hodu Nats's Antique Weapon Emporium.
   302 | D:1      | Reached XP level 2. HP: 13/13 MP: 6/6
   415 | D:1      | Found a faded altar of an unknown god.
   489 | D:1      | Bought a hunting sling for 37 gold pieces
   503 | D:1      | Reached skill level 6 in Stealth
   708 | D:1      | Reached XP level 3. HP: 6/16 MP: 8/8
  1260 | D:2      | Reached skill level 7 in Stealth
  1568 | D:2      | Learned a level 3 spell: Confusing Touch
  1571 | D:2      | Learned a level 2 spell: Ensorcelled Hibernation
  1612 | D:2      | Reached XP level 4. HP: 21/21 MP: 6/9
  2201 | D:2      | Found an iron altar of Okawaru.
  2864 | D:3      | Noticed Terence
  2981 | D:3      | Noticed Robin
  3016 | D:3      | Killed Robin
  3024 | D:3      | HP: 1/21 [goblin/+0 dagger (2)]
  3304 | D:3      | Reached skill level 5 in Hexes
  3474 | D:3      | Noticed Ijyb
  3481 | D:3      | Paralysed by Ijyb for 2 turns
  3488 | D:3      | Killed Ijyb
  3489 | D:3      | Reached XP level 5. HP: 19/24 MP: 10/10
  3491 | D:3      | Found a stormy altar of Qazlal.
  3810 | D:3      | Noticed an ogre
  3818 | D:3      | Killed an ogre
  3906 | D:3      | Reached XP level 6. HP: 14/28 MP: 3/11
  4170 | D:3      | Killed Terence
  4887 | D:4      | Noticed Natasha
  4892 | D:4      | Killed Natasha
  5020 | D:4      | Reached skill level 8 in Stealth
  5020 | D:4      | Noticed Natasha
  5027 | D:4      | Killed Natasha
  5077 | D:4      | Noticed Natasha
  5084 | D:4      | Killed from afar by Natasha

Illustrated notes

Levels and vault maps discovered:
D:1:      minmay_arrival_checkered_box, layout_basic,
          dreamdust_ecumenical_altar_grove, serial_shops,
          nicolae_shop_advertising_works [nicolae_subvault_shop_adworks]
D:2:      kennysheep_the_goblin_king, layout_basic, basic_altar
D:3:      layout_basic, mainiacjoe_overflow_small_starburst,
          kennysheep_generic_room_11, uniq_terence, uniq_robin, uniq_ijyb
D:4:      layout_basic, hex_large, minmay_goblin_outpost, uniq_natasha

Skill      XL: |  1  2  3  4  5  6 |
---------------+-------------------+-----
Stealth        | 5 6 7 8 |  8.8
Hexes          | 5 6 7 |  7.5
Short Blades   | |  1.1
Dodging        | |  2.6
Spellcasting   | |  2.6

Action                   |  1- 3 |  4- 6 || total
-------------------------+-------+-------++-------
Melee: Dagger            |    63 |   168 ||   231
       Punch             |     1 |       ||     1
 Fire: Hunting sling     |    35 |     6 ||    41
 Cast: Ensorcelled Hiber |     1 |    44 ||    45
       Confusing Touch   |     1 |     2 ||     3
Evoke: Wand              |       |     4 ||     4
  Use: Scroll            |     4 |     4 ||     8
       Potion            |       |     4 ||     4
 Stab: Sleeping          |    11 |    31 ||    42
       Invisible         |       |     5 ||     5
       Confused          |       |     3 ||     3
       Paralysed         |       |     2 ||     2
       Distracted        |       |     1 ||     1
Armor: Robe              |     5 |    13 ||    18
Dodge: Dodged            |    40 |   125 ||   165

Table legend: (Time is in decaauts)
 A = Elapsed time spent in this place.
 B = Non-inter-level travel time spent in this place.
 C = Inter-level travel time spent in this place.
 D = Time resting spent in this place.
 E = Time spent auto-exploring this place.
 F = Levels seen in this place.
 G = Mean time per level.
                   A        B        C        D        E       F      G
               +--------+--------+--------+--------+--------+-----+--------+
         Total |   4101 |   4064 |     37 |    520 |   2457 |   4 | 1025.2 |
       Dungeon |   4101 |   4064 |     37 |    520 |   2457 |   4 | 1025.2 |
               +--------+--------+--------+--------+--------+-----+--------+

Top non-repeatable levels by time:
     D:2: 1380 daAuts
     D:3: 1378 daAuts
     D:1: 862 daAuts
     D:4: 480 daAuts
